 Dungeon Crawl Stone Soup version 0.19-a0-1091-g463c9de (webtiles) character file.

8112809 junb69 the Conqueror (level 27, 244/273 HPs)
             Began as a Demigod Gladiator on Aug 5, 2016.
             Escaped with the Orb
             ... and 12 runes on Aug 7, 2016!
             The game lasted 07:51:38 (136899 turns).

junb69 the Conqueror (Demigod Gladiator)          Turns: 136899, Time: 07:51:39

Health: 244/273    AC: 38    Str: 36    XL:     27
Magic:  42/42      EV: 34    Int: 16    God:
Gold:   3858       SH: 32    Dex: 24    Spells: 0 memorised, 26 levels left

rFire  + + +     SeeInvis +     w - +9 broad axe (chop)
rCold  + + +     Gourm    .     d - +9 armour of the Dragon King {rPois rF+ rC+ MR+}
rNeg   + . .     Faith    .     s - +2 large shield
rPois  +         Spirit   +     F - +1 hat "Ynty" {rC++}
rElec  +         Dismiss  .     h - +0 cloak of Vehumet {Dex+4}
rCorr  .         Reflect  .     c - +0 pair of fencer's gloves {+Riposte Dex+6}
SustAt +         Harm     .     L - +1 pair of boots
MR     +++++     Rnd*Tele +     a - amulet "Ynieg" {Spirit +Blink Slay+3}
Stlth  ..........               D - ring "Cebaloem" {rElec rN+ MR+ Str+4 Int+4}
                                Y - ring "Pomacwou" {rF+ EV+4 Slay+3 SInv Stlth+} (curse)

@:
A: blurry vision 1, clumsy 2, deformed body, fire resistance 1, high mp 1, magic
resistance 1, poison resistance, screaming 2, teleportitis 1, weak 1, subdued
magic 1, sustain attributes, MP-powered wands
a: Evoke Blink
0: Orb of Zot
}: 12/15 runes: barnacled, slimy, silver, golden, bone, abyssal, demonic,
glowing, magical, fiery, dark, gossamer


You escaped.
You were very full.

You visited 15 branches of the dungeon, and saw 74 of its levels.
You visited Pandemonium 1 time, and saw 23 of its levels.
You visited the Abyss 5 times.
You visited 1 bazaar.
You visited 1 ziggurat, and saw 6 of its levels.
You also visited: Volcano and Wizlab.

You collected 14288 gold pieces.
You spent 10430 gold pieces at shops.

Inventory:

Hand Weapons
 w - a +9 broad axe of chopping (weapon)
Armour
 c - the +0 pair of fencer's gloves (worn) {+Riposte Dex+6}
   (You bought it in a shop on level 2 of the Orcish Mines)

   It affects your dexterity (+6).
 d - the +9 armour of the Dragon King (worn) {rPois rF+ rC+ MR+}
   (You found it on level 1 of the Crypt)

   It protects you from fire.
   It protects you from cold.
   It protects you from poison.
   It affects your resistance to hostile enchantments.
 h - the +0 cloak of Vehumet (worn) {Dex+4}
   (You bought it in a shop on level 15 of the Dungeon)

   It affects your dexterity (+4).
 s - a +2 large shield (worn)
 x - the +4 scale mail of Philately {-Tele rN+++ Str+5 Stlth+}
   (You bought it in a shop on level 2 of the Orcish Mines)

   It affects your strength (+5).
   It renders you almost immune to negative energy.
   It prevents most forms of teleportation.
   It makes you more stealthy.
 F - the +1 hat "Ynty" (worn) {rC++}
   (You found it on level 3 of the Tomb of the Ancients)

   It greatly protects you from cold.
 L - a +1 pair of boots (worn)
 R - the +1 helmet of Fortitude {Dex+4}
   (You bought it in a shop on level 4 of the Dungeon)

   It affects your dexterity (+4).
Rods
 l - a +4 rod of shadows (13/13)
   (You found it on level 4 of the Shoals)
 E - a +9 rod of inaccuracy (11/11) (quivered)
   (You bought it in a shop on level 2 of the Elven Halls)
 M - a +3 rod of clouds (11/11)
   (You found it on level 3 of the Crypt)
 S - a +5 iron rod (11/11)
   (You found it on level 3 of the Tomb of the Ancients)
Jewellery
 a - the amulet "Ynieg" (around neck) {Spirit +Blink Slay+3}
   (You found it on level 10 of the Dungeon)

   [amulet of guardian spirit]

   It causes incoming damage to be split between your health and magic.
   It affects your accuracy and damage with ranged weapons and melee attacks
   (+3).
   It lets you blink.
 D - the ring "Cebaloem" (right hand) {rElec rN+ MR+ Str+4 Int+4}
   (You took it off a mottled draconian on level 5 of the Realm of Zot)

   [ring of positive energy]

   It affects your strength (+4).
   It affects your intelligence (+4).
   It insulates you from electricity.
   It protects you from negative energy.
   It affects your resistance to hostile enchantments.
 Y - the cursed ring "Pomacwou" (left hand) {rF+ EV+4 Slay+3 SInv Stlth+}
   (You bought it in a shop on level 2 of the Elven Halls)

   [ring of evasion]

   It affects your evasion (+4).
   It affects your accuracy and damage with ranged weapons and melee attacks
   (+3).
   It protects you from fire.
   It lets you see invisible.
   It makes you more stealthy.
   It has a curse placed upon it.
Wands
 i - a wand of digging (8/24)
 C - a wand of teleportation (2/9)
 H - a wand of heal wounds (2/9)
Scrolls
 e - 26 scrolls of identify
 g - 3 scrolls of holy word
 k - 27 scrolls of remove curse
 m - a scroll of summoning
 v - 8 scrolls of recharging
 G - 2 scrolls of fog
 N - 2 scrolls of enchant armour
Potions
 b - 2 potions of invisibility
 j - 3 potions of agility
 o - a potion of might
 p - a potion of haste
 q - 5 potions of resistance
 t - 2 potions of cancellation
 u - a potion of berserk rage
 z - 6 potions of flight
 B - 4 potions of curing
Miscellaneous
 K - 5 sacks of spiders
 P - a figurine of a ziggurat
 Q - a phial of floods
 T - 2 boxes of beasts
 W - a phantom mirror
Comestibles
 f - 18 bread rations
 n - 10 royal jellies
 r - 14 meat rations


   Skills:
 O Level 27 Fighting
 - Level 16.0 Axes
 - Level 1.7 Throwing
 O Level 27 Armour
 O Level 27 Dodging
 - Level 14.4 Stealth
 O Level 27 Shields
 * Level 20.5 Evocations


You had 26 spell levels left.
You didn't know any spells.

Dungeon Overview and Level Annotations

Branches:
Dungeon (15/15)            Temple (0/1) D:7            Lair (6/6) D:11
 Shoals (4/4) Lair:3       Spider (4/4) Lair:2        Slime (5/5) Lair:5
    Orc (2/2) D:10            Elf (3/3) Orc:2        Vaults (5/5) D:14
  Crypt (3/3) Vaults:2       Tomb (3/3) Crypt:3      Depths (5/5) D:15
   Hell (1/1)                 Dis (0/7) Hell            Geh (7/7) Hell
    Coc (0/7) Hell            Tar (7/7) Hell            Zot (5/5) Depths:5

Shops:
D:4 [   D:15 [   Orc:2 [(?[:   Elf:2 }}=   Shoals:4 *   Vaults:3 (   Vaults:4 (
Vaults:5 =   Depths:1 =   Depths:3 (   Depths:5 [}[!

Portals:
Hell: Lair:6 Depths:1 Depths:2 Depths:3 Depths:4 Depths:5
Abyss: Depths:4
Pandemonium: Depths:1 Depths:3

Annotations:
D:7 exclusion: ice statue
Shoals:4 exclusion: Roxanne, Roxanne


Innate Abilities, Weirdness & Mutations

You have an increased reservoir of magic. (+10% MP)
Your attributes are resistant to harm.
Scrolls take you a little longer to read.
You are very clumsy. (Dex -4)
Armour fits poorly on your strangely shaped body.
Your flesh is heat resistant. (rF+)
You are resistant to hostile enchantments. (MR+)
Your system is resistant to poisons. (rPois)
You sometimes yell uncontrollably at your foes.
You are occasionally teleported next to monsters.
You are weak. (Str -2)
Your spells are a little easier to cast, but a little less powerful.
You expend magic power (3 MP) to strengthen your wands.


Message History

The sun demon is almost dead.
You slash the chaos spawn!
You kill the chaos spawn!
The chaos spawn degenerates into a cloud of primal chaos!
You slash the balrug! You block the sun demon's attack.
You block the balrug's attack.
You slash the sun demon!
You kill the sun demon!
You hit the balrug. The balrug hits you but does no damage.
The balrug gestures at you. Something smites you! The balrug gestures at you.
Something smites you!
You carve the balrug like a ham!!!
You kill the balrug!
You see here a demon whip of freezing.
You open the door.
There is an open door here.
There is a staircase leading out of the dungeon here.
You have escaped!

########.## #######.#.##### #
.........# #.#.....# # .........#
########.#####.# # .........#
##.....##.# #.# # .........#
#.........#####.# #
.........###.++++++#.....#.# #
..........##.+....+..###.#.# #
........).##.'....+..# #.#.#
......†....#.+..@.'..# #.#.#
.....#####.#.+....+..###.#.######
.....# #...++++++..#...#.......
.....# ##.##.......#.###.......
.....# #.##....##.#.# #.......
.....# #..##.####.#.###.......
.....# ##.##.####.#...'.......
.....# #..#....#.#####.......
+###.# ##.#.##.#.# #.......


There were no monsters in sight!

Vanquished Creatures
  Cerebov (Pan)
  Ereshkigal (Tar:7)
  Gloorx Vloq (Pan)
  Mnoleg (Pan)
  A seraph (Pan)
  Mara (Depths:4)
  Khufu (Crypt:3)
  Mennas (Vaults:4)
  The ghost of Leszczynek the Warrior, a legendary OgCj of Hepliaklqana (Tomb:2)
  5 orbs of fire (Zot:5)
  7 ancient liches
  28 greater mummies
  Boris (twice) (Crypt:2 Tomb:1)
  Margery (Depths:4)
  Bai Suzhen (Crypt:1)
  Xtahua (Vaults:4)
  Frederick (Vaults:3)
  6 Killer Klowns
  Geryon (Hell)
  A caustic shrike (Depths:3)
  19 golden dragons
  3 curse toes
  Jory (Vaults:2)
  the Enchantress (Depths:2)
  Nikola (Shoals:1)
  3 profane servitors
  A pearl dragon (Pan)
  12 bone dragons
  5 pandemonium lords
  3 doom hounds
  Jorgrun (Vaults:3)
  17 liches
  16 Tzitzimimeh
  4 electric golems
  2 hellephants
  18 Brimstone Fiends
  3 Hell Sentinels
  3 Ice Fiends (Pan)
  Rupert (Spider:1)
  24 tentacled monstrosities
  26 Orb Guardians
  2 deep elf blademasters (Elf:3)
  2 deep elf master archers (Elf:3)
  2 quicksilver dragons
  2 krakens
  12 tentacled starspawn
  Asterion (Depths:2)
  20 acid blobs
  7 titans
  2 eldritch tentacles
  6 death cobs
  20 Executioners
  Polyphemus (Shoals:3)
  A thorn hunter (Abyss:1)
  Kirke (Shoals:1)
  14 sphinxes
  8 ancient champions
  5 tengu reavers
  10 shadow dragons
  22 storm dragons
  5 draconian monks
  An azure jelly (shapeshifter) (Depths:2)
  4 revenants
  Ilsuiw (Shoals:4)
  10 azure jellies
  21 daevas (Pan)
  14 fire giants
  An iron dragon (Depths:3)
  21 frost giants
  The ghost of Gagarin the Fencer, an adept HESk of the Shining One (Shoals:4)
  2 draconian zealots
  7 black suns (Pan)
  An emperor scorpion (shapeshifter) (Elf:3)
  17 cacodemons
  An orc warlord (Orc:1)
  2 draconian knights (Zot:2)
  8 corrupters (Pan)
  18 vault wardens
  Louise (Spider:1)
  3 draconian scorchers
  41 balrugs
  4 emperor scorpions
  Aizul (Shoals:3)
  4 ghouls
  7 deep elf sorcerers
  7 deep elf elementalists
  6 ghost moths
  3 draconian shifters
  A juggernaut zombie (Crypt:1)
  4 draconian callers
  The ghost of Aelig the Markself, an adept HEAM of Sif Muna (Shoals:3)
  37 angels
  12 ironheart preservers
  6 spriggan defenders
  6 warmongers (Pan)
  39 reapers
  6 draconian annihilators
  2 war gargoyles (Vaults:5)
  6 caustic shrike skeletons (Depths:2)
  24 stone giants
  3 curse skulls
  4 blood saints (Pan)
  18 ophanim (Pan)
  2 chaos champions (Pan)
  8 entropy weavers
  39 very ugly things
  7 green draconians
  30 apis (Pan)
  8 bennus
  13 spark wasps
  16 vampire knights
  The ghost of PeterLawrence the Cleaver, a journeyman MiFi of Okawaru (Lair:2)
  15 purple draconians
  10 red draconians
  4 white draconians
  9 black draconians
  Azrael (Orc:2)
  8 lorocyprocas (Pan)
  7 deep elf annihilators
  7 deep elf demonologists
  2 dire elephants
  10 mottled draconians
  20 yellow draconians
  7 green deaths
  4 eidola
  6 death oozes
  31 mummy priests
  Snorg (Orc:1)
  9 deep elf death magi
  16 blizzard demons (Pan)
  29 ettins
  8 statues (WizLab)
  Josephine (Shoals:1)
  2 quicksilver dragon zombies
  7 merfolk javelineers
  20 jiangshi
  11 great orbs of eyes
  22 fire dragons
  11 merfolk impalers
  15 yaktaur captains
  4 deep elf high priests
  An ice dragon (shapeshifter) (Depths:2)
  40 vault guards
  4 hydras
  8 monstrous demonspawn (Pan)
  20 ice dragons
  5 quicksilver dragon skeletons
  14 rakshasas
  A merfolk avatar (Shoals:3)
  Erolcha (Orc:1)
  8 hell beasts
  5 death knights
  A juggernaut simulacrum (Pan)
  The ghost of junb69 the Cleaver, a novice DgGl (D:11)
  8 spriggan air magi
  A catoblepas (Shoals:3)
  25 dancing weapons
  5 merfolk aquamancers (Shoals:4)
  9 centaur warriors
  65 death scarabs
  An alligator snapping turtle (Shoals:3)
  A satyr (Shoals:4)
  8 death yaks
  10 tengu warriors
  40 hell hogs
  4 titan zombies
  21 ogre magi
  A queen ant (Lair:5)
  The ghost of Erlindor the Thaumaturge, a novice HEFE of Vehumet (Orc:2)
  7 vampire magi
  10 thrashing horrors
  9 deep troll earth magi
  6 deep troll shamans
  7 spriggan berserkers
  An orc high priest (Orc:1)
  26 soul eaters
  74 sun demons
  The ghost of Kidiri the Thaumaturge, a novice DEFE of Vehumet (D:9)
  28 deep elf knights
  52 hell knights
  3 storm dragon zombies
  4 titan skeletons
  2 fire crabs (shapeshifter)
  11 shadow wraiths
  A fire crab (Geh:4)
  2 golden dragon zombies
  A salamander mystic (Depths:1)
  64 skeletal warriors
  30 deep trolls
  3 spatial maelstroms
  10 iron trolls
  A death drake (Abyss:3)
  4 storm dragon skeletons
  A spark wasp zombie (Depths:1)
  12 wretched stars
  8 gelid demonspawn (Pan)
  19 cherubim (Pan)
  10 sea snakes
  13 unseen horrors
  6 anaconda zombies
  15 flayed ghosts
  5 giant orange brains
  9 putrid demonspawn (Pan)
  A ghost moth zombie (Tar:7)
  7 spriggan druids
  8 shadow demons
  4 shadow dragon zombies
  An orange crystal statue (Vaults:4)
  A death drake (shapeshifter) (Depths:2)
  A hill giant (shapeshifter) (Vaults:5)
  4 lindwurms
  2 unseen horrors (shapeshifter)
  11 infernal demonspawn (Pan)
  7 wizards
  16 phantasmal warriors
  18 ironbrand convokers
  4 anaconda skeletons
  23 anubis guards
  19 deep elf archers
  8 torturous demonspawn (Pan)
  2 golden dragon skeletons
  A harpy (shapeshifter) (D:13)
  7 oklob plants
  13 orc knights
  41 wolf spiders
  2 wolf spider zombies
  112 deep elf magi
  19 orb spiders
  10 harpies
  16 hill giants
  64 ugly things
  9 manticores
  2 hornets (shapeshifter)
  A shining eye (shapeshifter) (Vaults:5)
  4 frost giant zombies
  2 shadow dragon skeletons (Tar:1)
  A manticore (shapeshifter) (Depths:5)
  A griffon (shapeshifter) (Vaults:3)
  2 stone giant zombies
  4 iron dragon zombies
  17 necromancers
  13 griffons
  3 fire giant zombies
  12 cyclopes
  4 fauns
  9 orc sorcerers
  7 shining eyes
  4 fire giant skeletons
  5 worldbinders
  27 sixfirhies
  7 iron dragon skeletons
  35 moths of wrath
  A shock serpent zombie (Tar:5)
  10 elephants
  A guardian serpent (shapeshifter) (Depths:1)
  A guardian serpent (Abyss:1)
  2 rust devils
  4 stone giant skeletons
  7 hornets
  6 sirens
  A cyclops (shapeshifter) (Vaults:5)
  7 salamanders
  A black mamba (shapeshifter) (Depths:1)
  8 water nymphs
  2 dire elephant zombies
  A naga mage (Abyss:1)
  4 torpor snails
  An apocalypse crab (Abyss:3)
  2 ice statues
  An eye of devastation (Slime:3)
  A black draconian zombie (Crypt:2)
  4 frost giant skeletons
  10 molten gargoyles
  16 vault sentinels
  4 black mambas
  31 orange demons
  2 storm dragon simulacra
  An eye of devastation (shapeshifter) (Depths:3)
  5 centaur skeletons
  57 smoke demons
  A gargoyle (D:14)
  The ghost of murphy the Destroyer, a novice TeCj of Vehumet (D:6)
  10 spiny frogs
  4 dire elephant skeletons
  3 emperor scorpion zombies
  14 tormentors
  5 spectral swamp worms (Depths:4)
  2 catoblepas zombies
  A kobold demonologist (D:9)
  21 hellions
  39 yaktaurs
  2 rime drakes (Lair:6)
  A komodo dragon (shapeshifter) (Vaults:3)
  15 efreet
  17 ice devils
  27 demonic crawlers
  A catoblepas skeleton (Pan)
  5 komodo dragons
  12 freezing wraiths
  3 hydra zombies (Hell)
  A mottled draconian skeleton (Tar:7)
  54 red devils
  10 ancient zymes
  3 tengu conjurers
  2 polar bears (Lair:3)
  An anaconda simulacrum (Hell)
  43 hellwings
  A harpy zombie (Geh:7)
  6 silent spectres
  47 guardian mummies
  A meliai (shapeshifter) (Depths:4)
  A queen ant zombie (Crypt:1)
  A queen bee (D:8)
  19 trolls
  36 jumping spiders
  16 merfolk
  A polar bear (shapeshifter) (Depths:2)
  4 trolls (shapeshifter)
  6 boulder beetles
  14 wind drakes
  41 two-headed ogres
  5 harpy skeletons
  A jumping spider zombie (Crypt:2)
  A blink frog (shapeshifter) (Depths:4)
  71 slime creatures
  A minotaur skeleton (Crypt:2)
  3 fire dragon zombies
  5 ettin zombies
  20 ushabtiu
  24 blink frogs
  71 large abominations
  2 meliai zombies
  An alligator zombie (Hell)
  21 raiju
  11 snapping turtles
  2 alligator skeletons
  144 flying skulls
  3 air elementals (Elf:3)
  A fire giant simulacrum (Tomb:1)
  A spectral swamp dragon (Crypt:3)
  2 ice dragon zombies
  6 fire dragon skeletons
  93 redbacks
  Sigmund (D:2)
  8 ettin skeletons
  A redback (shapeshifter) (Vaults:3)
  41 spriggans (Depths:2)
  31 ynoxinuls
  3 spriggan skeletons
  43 tarantellas
  4 water elementals
  A black mamba zombie (Geh:4)
  25 wraiths
  55 yaks
  23 shadows
  3 vampires
  6 ice dragon skeletons
  A hog (shapeshifter) (Vaults:2)
  8 wyverns
  26 fire elementals
  3 humans
  4 fire bats (Abyss:3)
  2 basilisks
  2 black mamba skeletons
  28 small abominations
  2 hogs (Shoals:1)
  4 golden eyes
  25 neqoxecs
  11 hippogriffs
  5 hungry ghosts
  3 vampire mosquitoes (D:15)
  12 chaos spawn
  A spriggan simulacrum (Depths:1)
  A naga (Abyss:1)
  14 wargs
  4 mottled dragons
  A soldier ant (shapeshifter) (Depths:3)
  2 hydra simulacra (Hell)
  A water nymph zombie (Crypt:1)
  8 porcupines
  3 spiny frog zombies
  23 soldier ants
  20 water moccasins
  A giant eyeball (Abyss:3)
  34 hell hounds
  6 ice beasts
  An ice dragon simulacrum (Depths:1)
  3 sky beasts
  4 black bears
  51 starcursed masses
  2 spiny frog skeletons
  2 snapping turtle zombies (Tar:5)
  17 wasps
  A boggart (shapeshifter) (Vaults:5)
  50 orc warriors
  A fire dragon simulacrum (Crypt:1)
  2 manticore zombies
  14 necrophages
  5 boggarts (D:15)
  5 phantoms
  24 centaurs
  82 ogres
  6 eyes of draining
  5 wolves (Lair:6)
  A swamp dragon skeleton (Geh:4)
  13 crocodiles
  3 manticore skeletons
  A snapping turtle skeleton (Crypt:2)
  11 big kobolds
  A spectral human (Crypt:3)
  19 giant frogs
  An elf skeleton (Pan)
  A gnoll sergeant (D:9)
  2 earth elementals (Elf:2)
  A spiny frog simulacrum (Hell)
  3 scorpions (D:13)
  A scorpion (shapeshifter) (Vaults:5)
  47 killer bees
  A troll skeleton (Geh:7)
  34 wights
  2 electric eels
  3 howler monkeys
  17 crimson imps
  2 centaur zombies
  2 quasits
  30 jellies
  3 giant frog zombies
  36 orc wizards
  2 human zombies
  18 orc priests
  9 hounds
  3 iron imps
  4 giant frog skeletons
  Jessica (D:2)
  12 iguanas
  23 worker ants
  Natasha (thrice) (D:2)
  2 killer bee zombies
  37 sheep
  A mottled dragon zombie (Crypt:2)
  An ogre zombie (Orc:1)
  A tengu zombie (Geh:2)
  A hound zombie (D:8)
  2 hound skeletons
  54 mummies
  5 gnolls (D:9)
  A howler monkey skeleton (Crypt:1)
  A howler monkey zombie (D:8)
  12 adders
  93 river rats
  13 shadow imps
  2 white imps (Abyss:2)
  3 ufetubi (Abyss:3)
  An ooze (D:3)
  A worm zombie (Crypt:2)
  2 adder skeletons
  4 adder zombies
  A halfling skeleton (Crypt:1)
  5 worms
  3 dart slugs
  6 giant geckos
  107 orcs
  12 bats
  4 giant cockroaches
  4 hobgoblins
  24 jackals
  5 quokkas
  A giant gecko skeleton (D:9)
  6 giant newts
  9 goblins
  A jackal skeleton (Crypt:2)
  17 kobolds
  A kobold zombie (Crypt:2)
  An orc zombie (Geh:4)
  A quokka skeleton (D:10)
  A quokka zombie (Crypt:2)
  8 rats
  A rat zombie (Crypt:2)
  4 bushes
  A demonic plant (Abyss:3)
  A fire vortex (Pan)
  6 fungi
  A lurking horror (Abyss:1)
  8 plants
  13 starspawn tentacles
  9 tentacles
5277 creatures vanquished.

Vanquished Creatures (collateral kills)
  the Royal Jelly (Slime:5)
  An azure jelly (Slime:5)
  A great orb of eyes (Slime:5)
  A wind drake (Pan)
4 creatures vanquished.

Vanquished Creatures (others)
  2 eldritch tentacles
  A tengu reaver (Depths:4)
  A draconian zealot (Zot:3)
  A fire giant (Depths:4)
  A draconian scorcher (Zot:3)
  A deep elf elementalist (Elf:3)
  A green draconian (Zot:3)
  A statue (WizLab)
  A merfolk impaler (Depths:3)
  A spriggan air mage (Pan)
  A merfolk aquamancer (Shoals:4)
  A hell hog (Geh:7)
  3 death scarabs (Tomb:3)
  4 small abominations
  A storm dragon zombie (Tomb:2)
  A soul eater (Pan)
  A storm dragon skeleton (Geh:7)
  A giant orange brain (Pan)
  A wizard (Pan)
  A wolf spider zombie (Geh:4)
  2 deep elf magi
  A griffon (Shoals:4)
  A moth of wrath (Zot:5)
  An orange demon (Pan)
  A hellion (Geh:7)
  A guardian mummy (Tomb:2)
  A two-headed ogre (Vaults:5)
  A wind drake (Pan)
  A harpy skeleton (Geh:7)
  A large abomination (Abyss:3)
  8 flying skulls
  A shadow (Tar:7)
  A wraith (Abyss:3)
  A human (Shoals:1)
  An ice dragon simulacrum (Tomb:3)
  An orc warrior (D:6)
  A centaur (Shoals:1)
  An orc priest (Orc:2)
  A jelly (Zot:2)
  A human skeleton (Tomb:2)
  An orc wizard (D:6)
  2 mummies (Tomb:2)
  An adder (D:6)
  2 ball lightnings (Pan)
  7 orcs
  2 blocks of ice (Pan)
  7 bushes (Abyss:3)
  8 demonic plants (Abyss:3)
  200 eldritch tentacle segments
  12 fungi
  A lurking horror (Abyss:3)
  15 plants
  19 starspawn tentacles
  75 starspawn tentacle segments
  8 tentacles
  134 tentacle segments
548 creatures vanquished.

Grand Total: 5829 creatures vanquished

Notes
Turn   | Place    | Note
-------+----------+-------------------------------------------
     0 | D:1      | junb69 the Demigod Gladiator began the quest for the Orb.
     0 | D:1      | Reached XP level 1. HP: 17/17 MP: 3/3
   680 | D:2      | Reached XP level 2. HP: 24/24 MP: 4/4
   755 | D:2      | Noticed Jessica
   759 | D:2      | Killed Jessica
   759 | D:2      | Reached XP level 3. HP: 29/29 MP: 5/5
  1155 | D:2      | Reached XP level 4. HP: 33/36 MP: 6/6
  1226 | D:2      | Noticed Natasha
  1238 | D:2      | Killed Natasha
  1271 | D:2      | Reached skill level 5 in Axes
  1498 | D:2      | Found a deep blue altar of Sif Muna.
  1498 | D:2      | Noticed Sigmund
  1594 | D:2      | Noticed Natasha
  1602 | D:2      | Killed Natasha
  1602 | D:2      | Reached XP level 5. HP: 26/41 MP: 7/7
  2953 | D:2      | Noticed Natasha
  2965 | D:2      | Killed Natasha
  3156 | D:2      | Killed Sigmund
  3156 | D:2      | Reached XP level 6. HP: 19/48 MP: 8/8
  3561 | D:4      | Found Yhetuf's Antique Armour Shoppe.
  4157 | D:5      | Entered Level 5 of the Dungeon
  4163 | D:5      | Reached XP level 7. HP: 53/53 MP: 9/9
  4455 | D:5      | Found a deep blue altar of Sif Muna.
  5230 | D:5      | Reached XP level 8. HP: 60/60 MP: 10/10
  5256 | D:6      | Got a transparent hand axe
  5280 | D:6      | Identified the +7 hand axe of Eternal Vigilance {antimagic, Str-2 Int+5} (You found it on level 6 of the Dungeon)
  5361 | D:6      | Reached skill level 10 in Axes
  5493 | D:6      | Noticed murphy's ghost (novice TeCj)
  5617 | D:6      | Killed murphy's ghost
  5783 | D:6      | Reached skill level 5 in Fighting
  5834 | D:6      | Found a radiant altar of Vehumet.
  6527 | D:7      | Found a staircase to the Ecumenical Temple.
  6877 | D:7      | Noticed an ice statue
  6956 | D:7      | Reached XP level 9. HP: 56/75 MP: 11/11
  7369 | D:7      | Found a glowing golden altar of the Shining One.
  8271 | D:8      | Found a stormy altar of Qazlal.
  8417 | D:4      | Bought a heavily runed helmet for 247 gold pieces
  8435 | D:4      | Identified the +1 helmet of Fortitude {Dex+4} (You bought it in a shop on level 4 of the Dungeon)
  8965 | D:8      | Reached XP level 10. HP: 87/93 MP: 13/13
  9031 | D:8      | Found an oddly glowing altar of Pakellas.
  9034 | D:8      | Found a hide-covered altar of Uskayaw.
  9067 | D:8      | Reached skill level 1 in Armour
  9955 | D:9      | Noticed Kidiri's ghost (novice DEFE)
  9991 | D:9      | Killed Kidiri's ghost
 10393 | D:9      | Reached skill level 5 in Dodging
 10670 | D:9      | Reached skill level 5 in Armour
 11203 | D:10     | Entered Level 10 of the Dungeon
 11745 | D:10     | Reached XP level 11. HP: 99/99 MP: 14/14
 12286 | D:10     | Got an ancient amethyst amulet
 12896 | D:9      | Identified the amulet "Ynieg" {Spirit +Blink Slay+3} (You found it on level 10 of the Dungeon)
 13345 | D:10     | Found a roughly hewn altar of Beogh.
 13345 | D:10     | Found a staircase to the Orcish Mines.
 13434 | D:10     | Identified a scroll of acquirement
 13453 | D:11     | Noticed a hill giant
 13462 | D:11     | Killed a hill giant
 13483 | D:11     | Noticed junb69's ghost (novice DgGl)
 13760 | D:11     | Noticed a hill giant
 13813 | D:11     | Killed a hill giant
 14066 | D:11     | Found a staircase to the Lair.
 14157 | D:11     | Noticed a skeletal warrior
 14165 | D:11     | Noticed a skeletal warrior
 14165 | D:11     | Noticed a skeletal warrior
 14165 | D:11     | Noticed a skeletal warrior
 14182 | Lair:1   | Entered Level 1 of the Lair of Beasts
 14461 | Lair:1   | Noticed an eight-headed hydra
 14528 | Lair:2   | Noticed a death yak
 14528 | Lair:2   | Noticed a death yak
 14529 | Lair:2   | Noticed a death yak
 14529 | Lair:2   | Noticed a death yak
 14529 | Lair:2   | Noticed a death yak
 14542 | Lair:2   | Noticed PeterLawrence's ghost (journeyman MiFi)
 15005 | Lair:1   | Killed a death yak
 15013 | Lair:1   | Killed a death yak
 15229 | Lair:1   | Killed a death yak
 15284 | Lair:1   | Killed a death yak
 15284 | Lair:1   | Reached skill level 10 in Fighting
 15371 | Lair:2   | Killed a death yak
 15626 | Lair:2   | Found a hole to the Spider Nest.
 15738 | Lair:1   | Reached XP level 12. HP: 94/106 MP: 12/15
 16564 | Lair:3   | Found a dark tunnel.
 16575 | Volcano  | Entered a volcano
 16959 | Lair:3   | Found a staircase to the Shoals.
 19275 | Lair:4   | Reached XP level 13. HP: 111/118 MP: 16/16
 19383 | Lair:5   | You fall through a shaft!
 19383 | Lair:6   | Entered Level 6 of the Lair of Beasts
 20295 | Lair:5   | Noticed an entropy weaver
 20752 | Lair:5   | Found a hazy altar of Hepliaklqana.
 20807 | Lair:5   | Noticed an entropy weaver
 22048 | Orc:1    | Entered Level 1 of the Orcish Mines
 22423 | Orc:2    | Entered Level 2 of the Orcish Mines
 22759 | D:11     | Killed junb69's ghost
 23311 | D:12     | Reached skill level 1 in Shields
 23556 | D:12     | Found an oddly glowing altar of Pakellas.
 24401 | Lair:5   | Killed an entropy weaver
 24647 | Lair:5   | Reached skill level 5 in Shields
 24960 | Lair:5   | Killed an entropy weaver
 25012 | Lair:6   | Reached XP level 14. HP: 129/129 MP: 17/17
 25193 | Lair:6   | Reached skill level 10 in Dodging
 25781 | Lair:6   | Reached skill level 10 in Armour
 26068 | Lair:6   | Found a burning altar of Makhleb.
 26604 | Lair:6   | Found a gateway to Hell.
 26943 | Orc:2    | Noticed an orc warlord
 26964 | Orc:1    | Killed an orc warlord
 27240 | Orc:2    | Noticed Snorg
 27493 | Orc:1    | Killed Snorg
 28520 | Orc:2    | Found Nunotorch's Magic Scroll Shoppe.
 28614 | Orc:2    | Found Jauwk's Armour Shop.
 28630 | Orc:2    | Found Soexadee's Book Boutique.
 28681 | Orc:2    | Found Nyaty's Antique Weapon Boutique.
 28682 | Orc:2    | Found Yxeap's Antique Armour Shop.
 28914 | Orc:2    | Noticed Erlindor's ghost (novice HEFE)
 28930 | Orc:2    | Noticed Azrael
 28930 | Orc:2    | Killed Erlindor's ghost
 28947 | Orc:2    | Killed Azrael
 29246 | Orc:2    | Found a staircase to the Elven Halls.
 29508 | Orc:2    | Bought the +0 pair of fencer's gloves {+Riposte Dex+6} for 795 gold pieces
 30036 | Orc:1    | Found a roughly hewn altar of Beogh.
 30366 | Orc:1    | Noticed Erolcha
 30397 | Orc:1    | Killed Erolcha
 30423 | Orc:1    | Reached XP level 15. HP: 135/135 MP: 18/18
 30519 | Orc:2    | Bought a slimy plate armour for 924 gold pieces
 30529 | Orc:2    | Identified the cursed +0 plate armour "Daaxtot" {rF+ Stlth+} (You bought it in a shop on level 2 of the Orcish Mines)
 32374 | D:14     | Found a gate to the Vaults.
 32480 | D:15     | Entered Level 15 of the Dungeon
 32574 | D:15     | Reached skill level 10 in Shields
 32731 | D:15     | Found a staircase to the Depths.
 32873 | D:15     | Found a blossoming altar of Fedhas.
 33156 | D:15     | Found a sacrificial altar of Ru.
 33184 | D:15     | Found Teydan Naosu's Antique Armour Emporium.
 33197 | D:15     | Bought a pitted cloak for 380 gold pieces
 33207 | D:15     | Identified the cursed +0 cloak of Vehumet {Dex+4} (You bought it in a shop on level 15 of the Dungeon)
 34064 | Spider:1 | Entered Level 1 of the Spider Nest
 34938 | Spider:1 | Reached XP level 16. HP: 137/144 MP: 19/19
 34946 | Spider:1 | Noticed Rupert
 34959 | Spider:1 | Paralysed by Rupert for 2 turns
 34993 | Spider:1 | Killed Rupert
 35210 | Spider:1 | Noticed Louise
 35230 | Spider:1 | Killed Louise
 38157 | Spider:4 | Entered Level 4 of the Spider Nest
 39757 | Spider:4 | Reached skill level 15 in Fighting
 40628 | Spider:4 | Reached XP level 17. HP: 82/156 MP: 1/20
 41134 | Spider:4 | Got a gossamer rune of Zot
 41478 | Elf:1    | Entered Level 1 of the Elven Halls
 41498 | Elf:1    | Found an ancient bone altar of Kikubaaqudgha.
 41516 | Elf:1    | Found a magical portal.
 41525 | WizLab   | Entered Iskenderun's Mystic Tower
 44378 | WizLab   | Identified the Almanac of Gliding Orientation
 44378 | WizLab   | Identified the Disquisition on Attacks
 44562 | WizLab   | Identified Iskenderun's Guide on Confrontation
 44562 | WizLab   | Identified Iskenderun's Reference Book on Confrontation
 45784 | Elf:1    | Got a jacinth-studded plate armour
 45785 | Elf:1    | Identified the +5 plate armour "Uzxuloed" {+Inv Dex+4} (You found it on level 1 of the Elven Halls)
 46926 | Elf:2    | Found a runed gate.
 46926 | Elf:2    | Found a runed gate.
 46927 | Elf:2    | Found a runed gate.
 47175 | Elf:2    | Found Rextegh's Gadget Shoppe.
 47176 | Elf:2    | Found Figok's Jewellery Shop.
 47177 | Elf:2    | Found Affeg's Gadget Shoppe.
 47313 | Elf:2    | Reached skill level 15 in Axes
 47351 | Elf:2    | Reached XP level 18. HP: 153/163 MP: 21/21
 48117 | Elf:3    | Entered Level 3 of the Elven Halls
 48970 | Elf:3    | HP: 8/163 [smoke demon/divine providence[a deep elf demonologist] (13)]
 48973 | Elf:3    | Noticed a Hell Sentinel
 51051 | Elf:3    | Cast into level 2 of the Abyss (a deep elf demonologist)
 51477 | Elf:3    | Escaped the Abyss
 51602 | Elf:3    | Noticed a Tzitzimitl
 51602 | Elf:3    | Noticed a Tzitzimitl
 51606 | Elf:3    | Noticed a Hell Sentinel
 52250 | Elf:3    | Cast into level 3 of the Abyss (a deep elf demonologist)
 52288 | Abyss:3  | Noticed a lich
 52311 | Abyss:3  | Killed a lich
 52499 | Abyss:3  | Found a corrupted altar of Lugonu.
 52516 | Abyss:3  | Gained mutation: You have a pair of small horns on your head. [a neqoxec]
 52707 | Abyss:3  | Gained mutation: Potions and wands are less effective at restoring your health. [a neqoxec]
 52710 | Abyss:3  | Gained mutation: You passively map a small area around you. [a neqoxec]
 52789 | Abyss:3  | Reached XP level 19. HP: 103/174 MP: 12/22
 53252 | Elf:3    | Escaped the Abyss
 53874 | Elf:3    | Got a slimy glass ring
 53926 | Elf:3    | Got a steaming brass ring
 54042 | Elf:3    | Identified the ring of the Stag {rCorr +Inv Dex+3 Stlth+} (You took it off a deep elf death mage on level 3 of the Elven Halls)
 54043 | Elf:3    | Identified the ring "Soank" {Wiz rElec} (You took it off a deep elf death mage on level 3 of the Elven Halls)
 54159 | Elf:2    | Bought the ring "Pomacwou" {rF+ EV+4 Slay+3 SInv Stlth+} for 835 gold pieces
 54456 | Shoals:1 | Entered Level 1 of the Shoals
 54497 | Shoals:1 | Noticed Kirke
 54510 | Shoals:1 | Killed Kirke
 54592 | Shoals:1 | Reached skill level 15 in Dodging
 54616 | Shoals:1 | Noticed Nikola
 54637 | Shoals:1 | Killed Nikola
 54897 | Shoals:1 | Noticed Josephine
 54905 | Shoals:1 | Killed Josephine
 55839 | Shoals:3 | Noticed Aizul
 55841 | Shoals:3 | Noticed Polyphemus
 55845 | Shoals:3 | Killed Aizul
 55861 | Shoals:3 | Killed Polyphemus
 56194 | Shoals:3 | Noticed Aelig's ghost (adept HEAM)
 56218 | Shoals:3 | Killed Aelig's ghost
 56420 | Shoals:3 | Reached skill level 15 in Armour
 56574 | Shoals:4 | Entered Level 4 of the Shoals
 56596 | Shoals:4 | Found Fialom's Assorted Antiques.
 56983 | Shoals:4 | Noticed Roxanne
 57378 | Shoals:4 | Noticed Ilsuiw
 57389 | Shoals:4 | Killed Ilsuiw
 57504 | Shoals:4 | Identified a +4 rod of shadows (13/13) (You found it on level 4 of the Shoals)
 57535 | Shoals:4 | Noticed Gagarin's ghost (adept HESk)
 57553 | Shoals:4 | Killed Gagarin's ghost
 57815 | Shoals:4 | Reached XP level 20. HP: 134/184 MP: 24/24
 58062 | Shoals:4 | Got a barnacled rune of Zot
 58751 | Vaults:1 | Entered Level 1 of the Vaults
 59468 | Vaults:1 | Paralysed by a great orb of eyes for 2 turns
 60188 | Vaults:2 | Noticed a bone dragon
 60189 | Vaults:2 | Found a staircase to the Crypt.
 60200 | Vaults:2 | Killed a bone dragon
 60889 | Vaults:2 | Noticed Jory
 60906 | Vaults:2 | Killed Jory
 61620 | Vaults:3 | Noticed Jorgrun
 61633 | Vaults:3 | Killed Jorgrun
 61843 | Vaults:3 | Noticed Frederick
 61853 | Vaults:3 | Killed Frederick
 62322 | Vaults:3 | Reached XP level 21. HP: 179/193 MP: 22/25
 62813 | Vaults:3 | Found Yfac's Weapon Boutique.
 63849 | Vaults:4 | Found Zoyxia's Antique Weapon Shoppe.
 63853 | Vaults:4 | Noticed Xtahua
 63862 | Vaults:4 | Paralysed by Xtahua for 5 turns
 63872 | Vaults:4 | Killed Xtahua
 64130 | Vaults:4 | Noticed Mennas
 64157 | Vaults:4 | Killed Mennas
 64526 | Vaults:4 | Upgraded the game from 0.19-a0-1071-g4ed3155 to 0.19-a0-1079-g88a7474
 64728 | Depths:1 | Entered Level 1 of the Depths
 65072 | Depths:1 | Found Beoddav's Jewellery Emporium.
 65142 | Depths:1 | Found a one-way gate leading to the halls of Pandemonium.
 66202 | Depths:2 | Noticed Asterion
 66209 | Depths:2 | Killed Asterion
 66248 | Depths:2 | Found a gateway to a ziggurat.
 66548 | Depths:2 | Reached XP level 22. HP: 204/204 MP: 26/26
 67058 | Depths:2 | Noticed the Enchantress
 67071 | Depths:2 | Killed the Enchantress
 67818 | Depths:2 | Found a bloodstained altar of Trog.
 68940 | Depths:3 | Found Dasapnum's Weapon Emporium.
 69145 | Depths:3 | Noticed a caustic shrike
 69151 | Depths:3 | Killed a caustic shrike
 69504 | Depths:3 | Found a shimmering altar of Xom.
 70160 | Depths:4 | You fall through a shaft!
 70160 | Depths:5 | Entered Level 5 of the Depths
 70164 | Depths:5 | Found a flickering gateway to a bazaar.
 70169 | Depths:5 | Found Uwuuduh's Antique Armour Shop.
 70247 | Bazaar   | Entered a bazaar
 70260 | Bazaar   | Found Teywoeroma's General Store.
 70260 | Bazaar   | Found Inoihuaguh's Distillery.
 70300 | Bazaar   | Found Gingadaq's Gadget Shoppe.
 70300 | Bazaar   | Found Hitse's Distillery.
 70334 | Bazaar   | Bought a wand of heal wounds (3/9) for 294 gold pieces
 70419 | Bazaar   | Bought a potion of haste for 110 gold pieces
 70419 | Bazaar   | Bought a potion of haste for 110 gold pieces
 70419 | Bazaar   | Bought a potion of might for 44 gold pieces
 70419 | Bazaar   | Bought a potion of might for 44 gold pieces
 70419 | Bazaar   | Bought a potion of haste for 110 gold pieces
 70419 | Bazaar   | Bought a potion of might for 44 gold pieces
 70457 | Bazaar   | Bought a potion of cure mutation for 325 gold pieces
 70499 | Bazaar   | Bought a potion of beneficial mutation for 455 gold pieces
 70504 | Bazaar   | Gained mutation: You are resistant to hostile enchantments. (MR+) [potion of beneficial mutation]
 70645 | Depths:5 | Found a gate to the Realm of Zot.
 70820 | Depths:5 | Reached XP level 23. HP: 107/215 MP: 16/27
 71396 | Depths:5 | Found Rurphist's Armour Shop.
 71401 | Depths:5 | Found Xyunilea's Gadget Boutique.
 71414 | Depths:5 | Found Nuopuidd's Distillery.
 72428 | Depths:4 | Found a one-way gate to the infinite horrors of the Abyss.
 72483 | Depths:4 | Noticed Margery
 72909 | Depths:4 | Noticed Mara
 72912 | Depths:4 | Noticed junb69's illusion
 72925 | Depths:4 | Killed Mara
 73630 | Depths:4 | Gained mutation: Your system is resistant to poisons. (rPois) [potion of beneficial mutation]
 73926 | Depths:4 | Killed Margery
 75177 | Vaults:5 | Entered Level 5 of the Vaults
 75389 | Vaults:4 | Reached skill level 15 in Shields
 75445 | Vaults:5 | Reached XP level 24. HP: 195/228 MP: 25/27
 77451 | Vaults:5 | Found Gucirr's Jewellery Shoppe.
 77519 | Vaults:5 | Gained mutation: Your flesh is heat resistant. (rF+) [potion of beneficial mutation]
 77730 | Vaults:5 | Got a silver rune of Zot
 78503 | Orc:2    | Bought a scroll of teleportation for 42 gold pieces
 78503 | Orc:2    | Bought a scroll of recharging for 133 gold pieces
 78503 | Orc:2    | Bought a scroll of magic mapping for 49 gold pieces
 78503 | Orc:2    | Bought a scroll of magic mapping for 49 gold pieces
 78705 | Shoals:4 | Bought a scroll of recharging for 342 gold pieces
 78819 | Lair:2   | Killed PeterLawrence's ghost
 79142 | Depths:5 | Bought a phantom mirror for 600 gold pieces
 79159 | Depths:5 | Bought a potion of agility for 100 gold pieces
 79159 | Depths:5 | Bought a potion of agility for 100 gold pieces
 79695 | Elf:2    | Bought a phantom mirror for 450 gold pieces
 80116 | Zot:1    | Entered Level 1 of the Realm of Zot
 81681 | Zot:2    | Reached XP level 25. HP: 238/239 MP: 27/27
 84560 | Zot:4    | Reached XP level 26. HP: 221/254 MP: 16/27
 85969 | Zot:4    | Got a wavering iron ring
 86235 | Zot:4    | Got a smoking ivory ring
 86245 | Zot:4    | Identified the ring of Vaex {rF- AC+5 Str+5} (You found it on level 4 of the Realm of Zot)
 86246 | Zot:4    | Identified the ring of Moak {SustAt Str+6} (You took it off a draconian annihilator on level 4 of the Realm of Zot)
 86252 | Zot:4    | Got an ebony war axe
 86253 | Zot:4    | Identified the +1 war axe "Eviscerator" {freeze, Str-4 Dex+7 Stlth+} (You acquired it on level 4 of the Realm of Zot)
 87012 | Lair:5   | Found a staircase to the Slime Pits.
 87021 | Lair:5   | Reached skill level 1 in Evocations
 87084 | Slime:1  | Entered Level 1 of the Pits of Slime
 87768 | Slime:4  | Gained mutation: Scrolls take you a little longer to read. [a shining eye]
 87776 | Slime:4  | Reached skill level 5 in Evocations
 87872 | Slime:5  | Entered Level 5 of the Pits of Slime
 88369 | Slime:5  | Noticed the Royal Jelly
 88380 | Slime:5  | Killed the Royal Jelly
 88399 | Slime:5  | Gained mutation: Scrolls take you longer to read. [a shining eye]
 88483 | Slime:5  | Gained mutation: You are clumsy. (Dex -2) [a shining eye]
 88501 | Slime:5  | Identified the Volume of the Volcanoes and Poisoning (You found it on level 5 of the Pits of Slime)
 88585 | Slime:5  | Got a slimy rune of Zot
 88587 | Slime:5  | Identified Yraqacoh's Catalogue of the Mutagenic Rocks
 89180 | Zig:1    | Entered Level 1 of a ziggurat
 89427 | Zig:2    | Entered Level 2 of a ziggurat
 89482 | Zig:3    | Entered Level 3 of a ziggurat
 89540 | Zig:3    | Reached XP level 27. HP: 263/265 MP: 34/34
 89547 | Zig:4    | Entered Level 4 of a ziggurat
 89595 | Zig:5    | Entered Level 5 of a ziggurat
 89843 | Zig:6    | Entered Level 6 of a ziggurat
 89852 | Zig:6    | Noticed Raheo the pandemonium lord
 90422 | Zot:5    | Entered Level 5 of the Realm of Zot
 90778 | Zot:5    | Noticed an ancient lich
 90778 | Zot:5    | Cast into level 5 of the Abyss (an ancient lich)
 90778 | Abyss:5  | Entered Level 5 of the Abyss
 90840 | Abyss:5  | Gained mutation: Your spells are a little easier to cast, but a little less powerful. [a neqoxec]
 90859 | Zot:5    | Escaped the Abyss
 90869 | Zot:5    | Killed an ancient lich
 90869 | Zot:5    | Paralysed by the power of Zot for 2 turns
 91027 | Zot:5    | Noticed an ancient lich
 91029 | Zot:5    | Noticed an ancient lich
 91034 | Zot:5    | Killed an ancient lich
 91043 | Zot:5    | Killed an ancient lich
 91074 | Zot:5    | Noticed an ancient lich
 91092 | Zot:5    | Killed an ancient lich
 91121 | Zot:5    | Noticed an ancient lich
 91152 | Zot:5    | Killed an ancient lich
 91204 | Zot:5    | Noticed an orb of fire
 91216 | Zot:5    | Killed an orb of fire
 91403 | Zot:5    | Got a scorched granite ring
 91459 | Zot:5    | Noticed an orb of fire
 91468 | Zot:5    | Gained mutation: You are frail. (-10% HP) [an orb of fire]
 91471 | Zot:5    | Gained mutation: You are very clumsy. (Dex -4) [an orb of fire]
 91474 | Zot:5    | Killed an orb of fire
 91487 | Zot:5    | Noticed an orb of fire
 91504 | Zot:5    | Gained mutation: You are occasionally teleported next to monsters. [an orb of fire]
 91507 | Zot:5    | Killed an orb of fire
 91721 | Zot:5    | Noticed an orb of fire
 91727 | Zot:5    | Gained mutation: You occasionally shout uncontrollably at your foes. [an orb of fire]
 91737 | Zot:5    | Gained mutation: Armour fits poorly on your strangely shaped body. [an orb of fire]
 91743 | Zot:5    | Killed an orb of fire
 91744 | Zot:5    | Noticed an orb of fire
 91756 | Zot:5    | Killed an orb of fire
 91882 | Zot:5    | Lost mutation: Armour fits poorly on your strangely shaped body. [potion of cure mutation]
 91882 | Zot:5    | Lost mutation: Scrolls take you longer to read. [potion of cure mutation]
 91882 | Zot:5    | Lost mutation: You have a pair of small horns on your head. [potion of cure mutation]
 91882 | Zot:5    | Lost mutation: You are resistant to hostile enchantments. (MR+) [potion of cure mutation]
 91882 | Zot:5    | Lost mutation: Scrolls take you a little longer to read. [potion of cure mutation]
 91963 | Zot:5    | Identified the ring "Cebaloem" {rElec rN+ MR+ Str+4 Int+4} (You took it off a mottled draconian on level 5 of the Realm of Zot)
 92395 | Crypt:1  | Entered Level 1 of the Crypt
 93062 | Crypt:1  | Noticed Bai Suzhen
 93082 | Crypt:1  | Killed Bai Suzhen
 93299 | Crypt:2  | Reached skill level 27 in Fighting
 93514 | Crypt:2  | Noticed Boris
 93524 | Crypt:2  | Killed Boris
 93866 | Crypt:3  | Entered Level 3 of the Crypt
 93982 | Crypt:3  | Identified a +3 rod of clouds (11/11) (You found it on level 3 of the Crypt)
 94168 | Crypt:3  | Noticed Khufu
 94212 | Crypt:3  | Killed Khufu
 94416 | Crypt:3  | Found a staircase to the Tomb.
 94439 | Crypt:3  | Got a pair of blackened boots
 94471 | Crypt:3  | Identified the cursed +0 pair of boots of the Queen {rF+ Dex+9 Slay-4 Stlth+} (You found it on level 3 of the Crypt)
 94497 | Crypt:3  | Reached skill level 10 in Evocations
 94511 | Crypt:3  | Found an ancient bone altar of Kikubaaqudgha.
 95096 | Crypt:3  | Identified the Guide on Frigorific Poison
 95509 | Elf:2    | Bought a +9 rod of inaccuracy (11/11) for 1753 gold pieces
 95509 | Elf:2    | Bought a sack of spiders for 300 gold pieces
 95509 | Elf:2    | Bought a sack of spiders for 300 gold pieces
 95509 | Elf:2    | Bought a phial of floods for 600 gold pieces
 95912 | Hell     | Entered the Vestibule of Hell
 95912 | Hell     | Noticed Geryon
 95939 | Hell     | Killed Geryon
 96566 | Hell     | Found a gateway to the freezing wastes of Cocytus.
 96650 | Hell     | Found a gateway to the decaying netherworld of Tartarus.
 96720 | Hell     | Found a gateway to the ashen valley of Gehenna.
 96828 | Hell     | Found a gateway to the Iron City of Dis.
 97463 | Depths:4 | Voluntarily entered the Abyss.
 97867 | Abyss:1  | Noticed an ancient lich
 97880 | Abyss:1  | Killed an ancient lich
 98032 | Abyss:1  | Gained mutation: Scrolls take you a little longer to read. [a neqoxec]
 98037 | Abyss:1  | Gained mutation: Scrolls take you longer to read. [a neqoxec]
 98603 | Abyss:3  | Lost mutation: Potions and wands are less effective at restoring your health. [a neqoxec]
 98683 | Abyss:3  | Got a pair of faintly glowing gloves
 98966 | Abyss:3  | Got an abyssal rune of Zot
 99181 | Abyss:3  | Found a corrupted altar of Lugonu.
 99808 | Depths:4 | Escaped the Abyss
 99833 | Depths:4 | Identified the cursed +0 pair of gloves "Vecy" {Int+4 Slay+2} (You found it on level 3 of the Abyss)
100403 | Tomb:1   | Entered Level 1 of the Tomb of the Ancients
100755 | Orc:2    | Bought the +4 scale mail of Philately {-Tele rN+++ Str+5 Stlth+} for 895 gold pieces
101722 | Tomb:1   | Reached skill level 1 in Stealth
103010 | Tomb:1   | Reached skill level 15 in Evocations
103306 | Tomb:1   | Reached skill level 5 in Stealth
103676 | Tomb:1   | Identified the Reference Book on Ashen Shape Shifting
103689 | Tomb:2   | Noticed Leszczynek's ghost (legendary OgCj)
104016 | Tomb:2   | Noticed Boris
104555 | Tomb:1   | Killed Boris
105815 | Tomb:2   | Killed Leszczynek's ghost
107202 | Tomb:1   | Reached skill level 10 in Stealth
109242 | Tomb:3   | Entered Level 3 of the Tomb of the Ancients
113434 | Tomb:3   | Got a distressingly furry hat
113734 | Tomb:3   | Got a steaming golden ring
113743 | Tomb:3   | Identified A Primer on Hermeneutics
113764 | Tomb:3   | Got a pitted glass ring
113774 | Tomb:3   | Got a flickering steel ring
113805 | Tomb:3   | Identified the ring of Hepliaklqana's Envy {rC+ EV+2 Dex+3} (You found it on level 3 of the Tomb of the Ancients)
113807 | Tomb:3   | Identified the +1 hat "Ynty" {rC++} (You found it on level 3 of the Tomb of the Ancients)
113809 | Tomb:3   | Identified the ring "Ocrun" {AC+5 Str+3} (You found it on level 3 of the Tomb of the Ancients)
113811 | Tomb:3   | Identified the ring of the Manifold Beggars {SustAt *Corrode Int+4} (You found it on level 3 of the Tomb of the Ancients)
113883 | Tomb:3   | Got a golden rune of Zot
114726 | Pan      | Entered Pandemonium
114746 | Pan      | Noticed Utoemi Ceem the pandemonium lord
114764 | Pan      | Killed Utoemi Ceem the pandemonium lord
114787 | Pan      | Found an exit through the horrors of the Abyss.
115387 | Pan      | Noticed Foh Olin the pandemonium lord
115421 | Pan      | Killed Foh Olin the pandemonium lord
116243 | Pan      | Found an exit through the horrors of the Abyss.
116273 | Pan      | Noticed Werets the pandemonium lord
116891 | Pan      | Noticed Rief the pandemonium lord
117493 | Pan      | Noticed Upuedghau the pandemonium lord
117516 | Pan      | Killed Upuedghau the pandemonium lord
117537 | Pan      | Got a demonic rune of Zot
117541 | Pan      | Found an exit through the horrors of the Abyss.
117558 | Pan      | Gained mutation: You expend magic power (3 MP) to strengthen your wands. [a cacodemon]
117562 | Pan      | Entered the realm of Mnoleg.
117879 | Pan      | Gained mutation: You sometimes yell uncontrollably at your foes. [a neqoxec]
117958 | Pan      | Noticed Mnoleg
118031 | Pan      | Killed Mnoleg
118148 | Pan      | Got a glowing rune of Zot
118542 | Pan      | Found an exit through the horrors of the Abyss.
118548 | Pan      | Entered the realm of Gloorx Vloq.
119188 | Pan      | Noticed Gloorx Vloq
119234 | Pan      | Killed Gloorx Vloq
119734 | Pan      | Got a dark rune of Zot
119783 | Pan      | Found an exit through the horrors of the Abyss.
121215 | Pan      | Found a glowing silver altar of Zin.
121943 | Pan      | Lost mutation: Your spells are a little easier to cast, but a little less powerful. [potion of cure mutation]
121943 | Pan      | Lost mutation: Scrolls take you longer to read. [potion of cure mutation]
121943 | Pan      | Lost mutation: You are frail. (-10% HP) [potion of cure mutation]
121943 | Pan      | Lost mutation: You passively map a small area around you. [potion of cure mutation]
122501 | Pan      | Found a glowing golden altar of the Shining One.
122504 | Pan      | Noticed a seraph
122753 | Pan      | Killed a seraph
123910 | Pan      | Found a white marble altar of Elyvilon.
124133 | Pan      | Found an exit through the horrors of the Abyss.
124402 | Pan      | Entered the realm of Lom Lobon.
124419 | Pan      | Found an exit through the horrors of the Abyss.
125336 | Pan      | Noticed Lom Lobon
125345 | Pan      | Got a magical rune of Zot
125794 | Pan      | Gained mutation: You are weak. (Str -2) [a cacodemon]
125796 | Pan      | Gained mutation: Armour fits poorly on your strangely shaped body. [a cacodemon]
125841 | Pan      | Noticed Lom Lobon
125924 | Pan      | Gained mutation: You are resistant to hostile enchantments. (MR+) [potion of beneficial mutation]
126172 | Pan      | Found an exit through the horrors of the Abyss.
126333 | Pan      | Noticed Kasuosoi the pandemonium lord
126360 | Pan      | Killed Kasuosoi the pandemonium lord
126830 | Pan      | Noticed Lom Lobon
126855 | Pan      | Found an exit through the horrors of the Abyss.
126863 | Pan      | Entered the realm of Cerebov.
127006 | Pan      | Got a vibrating iron amulet
127010 | Pan      | Got a shimmering tin ring
127013 | Pan      | Identified the amulet "Zunun" {Gourm rElec rF++} (You found it in Pandemonium)
127015 | Pan      | Identified the ring of Darkness {rC++ MR+++ Dex+3 Stlth-} (You found it in Pandemonium)
128187 | Pan      | Noticed Cerebov
128221 | Pan      | Killed Cerebov
128275 | Pan      | Got a fiery rune of Zot
128564 | Pan      | Found an exit through the horrors of the Abyss.
128610 | Pan      | Took an exit into the Abyss.
128610 | Abyss:1  | Escaped into the Abyss
128695 | Depths:3 | Escaped the Abyss
128771 | Depths:3 | Upgraded the game from 0.19-a0-1079-g88a7474 to 0.19-a0-1091-g463c9de
129775 | Tar:1    | Entered Level 1 of Tartarus
130029 | Tar:1    | You fall through a shaft!
130149 | Tar:3    | You fall through a shaft for 2 floors!
131033 | Tar:7    | Entered Level 7 of Tartarus
132525 | Tar:7    | Noticed Ereshkigal
132551 | Tar:7    | Killed Ereshkigal
132580 | Tar:7    | Got a bone rune of Zot
133209 | Geh:1    | Entered Level 1 of Gehenna
133873 | Geh:4    | Reached skill level 27 in Dodging
134768 | Geh:7    | Entered Level 7 of Gehenna
136090 | Zot:5    | Got the Orb of Zot
136472 | D:15     | Gained mutation: Your spells are a little easier to cast, but a little less powerful. [a cacodemon]
136476 | D:15     | Reached skill level 27 in Shields
136666 | D:8      | Found a burning altar of Makhleb.
136666 | D:8      | Found a blossoming altar of Fedhas.
136666 | D:8      | Found a sacrificial altar of Ru.
136754 | D:4      | Noticed an ancient lich
136757 | D:4      | Noticed Raugioc the pandemonium lord
136759 | D:4      | Killed an ancient lich
136770 | D:4      | Killed Raugioc the pandemonium lord
136770 | D:4      | Reached skill level 27 in Armour
136899 | D:$      | Escaped with the Orb!

Vault maps used:
D:1:      lightli_arrival_maybe_door_vault, serial_glass, glass_columns_c,
          glass_columns_b, minmay_strange_pillars
D:2:      led_sif_pool, minmay_pentomino_t2, uniq_natasha, uniq_jessica,
          uniq_sigmund
D:3:      wad_crossroads, first_bread
D:4:      serial_shops, nicolae_shop_behind_doors
D:5:      basic_altar, grunt_decor_arrowhead, minmay_misc_feat_five
D:6:      lemuel_crystal_altar, lemuel_flamethrower_2
D:7:      lemuel_ice_statue, tso_altar
D:8:      grunt_temple_overflow_open, nicolae_overflow_hidden_temple,
          david_nohive_1, lightli_corner_chamber
D:9:      special_room
D:10:     david_orc_5, kennysheep_generic_room_11
D:11:     dpeg_lair_monsters, minivault_4
D:12:     grunt_pakellas_salt
D:13:     kennysheep_big_flooded_room, nrook_mini_backslash
D:14:     grunt_vaults_entry_fortified
D:15:     hangedman_depths_entry_try_elsewhere_first,
          nicolae_ru_the_path_less_chosen, serial_shops,
          nicolae_shop_statue_plus, basic_altar
Lair:1:   dpeg_stationary_puzzle
Lair:2:   spider_nest_entry_webs
Lair:3:   elwin_shoals_entry_stream, nicolae_volcano_entry_lava_flow,
          infiniplex_staircase_pool, grunt_megastairs_2
Lair:4:   serial_forest, infiniplex_forest_clump_large,
          infiniplex_forest_side_room, infiniplex_forest_lined_2,
          infiniplex_forest_lined_3, infiniplex_forest_clump_double,
          infiniplex_forest_end_2, infiniplex_forest_clump_diagonal,
          infiniplex_forest_join, infiniplex_forest_end_2,
          infiniplex_forest_clump_medium
Lair:5:   minmay_slime_entry_oklob_enclosed, basic_altar, zaba_antful_of_joy,
          lemuel_fruit_fields
Lair:6:   evil_forest
Shoals:1: uniq_kirke, uniq_nikola, uniq_josephine
Shoals:3: uniq_aizul, uniq_polyphemus
Shoals:4: shoals_end_grunt_ice, shoals_ilsuiw_alternative, serial_shops, shop,
          shoals_oasis, uniq_roxanne
Spider:1: spider_trap, uniq_louise, uniq_rupert
Spider:4: grunt_spider_rune_parallel, nicolae_spider_cling_ruins
Slime:1:  nicolae_slime_barrier
Slime:2:  nicolae_slime_phagocytosis
Orc:1:    lemuel_ogre_cave, basic_altar, nooodl_orcs_dogs
Orc:2:    st_orc_open, serial_shops, shop, uniq_snorg, uniq_azrael
Elf:1:    basic_altar, mu_enter_wizlab_3, minmay_elf_crystal_hexagon,
          guppyfry_library_mini
Elf:2:    dk_noncrumbling_4, minmay_misc_feat_pillars, minmay_shop_grove
Elf:3:    elf_hall_gauntlet_narrow
Vaults:1: v_misc_16, grunt_vaults_trifunnel, vaults_room_pools,
          grunt_vaults_hallway_short, vaults_mumra_minichess_inversion
Vaults:2: v_misc_16, minmay_crypt_entry_nasty_monster,
          vaults_standard_mumra_lines, hangedman_vaults_snaps,
          nicolae_vaults_ring_of_whatevers, hangedman_vaults_cutoff,
          grunt_vaults_focal, ontoclasm_vaults_claustrophobia, v_misc_16,
          ontoclasm_vaults_decontamination, uniq_jory
Vaults:3: v_misc_30, v_misc_33, nicolae_vaults_specimen_jars,
          ontoclasm_vaults_twist, vaults_room_grunt_arrival_ludios,
          ontoclasm_vaults_gateway, nicolae_vaults_three_branches,
          nicolae_vaults_triangles, v_alt_pattern_6,
          nicolae_vaults_little_squares_3, ontoclasm_vaults_shout,
          nicolae_vaults_little_squares_5, ontoclasm_vaults_idyll,
          vaults_dpeg_ring, serial_shops, shop, uniq_jorgrun, uniq_frederick
Vaults:4: v_misc_1, hangedman_vaults_stitches, nicolae_vaults_disjoint_gnomons,
          v_misc_18, vaults_room_semicircle, v_misc_19,
          vaults_room_grunt_arrival_checkpoint, v_misc_11,
          nicolae_vaults_statue_guard, stair_cage_open, nicolae_vaults_theta,
          serial_shops, shop, uniq_mennas, uniq_xtahua
Crypt:1:  st_stairs_12, uniq_bai_suzhen
Crypt:2:  uniq_boris
Crypt:3:  grunt_crypt_end_deaths_head
Tomb:2:   uniq_boris
Depths:1: hellmouth_3, serial_shops, shop, pan_entry, minmay_parallelograms,
          small_chamber_with_monster, dispersion_dpeg
Depths:2: spriggan_forest, hell_entry, uniq_asterion
Depths:3: minmay_sliced_demisemicircle, hell_entry, serial_shops, shop,
          pan_entry, lemuel_statue_altar, basic_loot_grate_trap,
          kennysheep_underground_church, minmay_staircase_statues,
          serial_bayou_shore_b
Depths:4: minmay_split_circle, abyss_entry, minmay_misc_feat_roman,
          pf_hell_entry_tar_river, uniq_mara, uniq_margery
Depths:5: grunt_zot_entry_funnels, grunt_decor_one_mirror, hellmouth_1,
          serial_shops, bzr_entry_customers, nicolae_shop_overgrown_old_shop,
          nicolae_shop_crystal, nicolae_shop_window_shopping, shop,
          due_unseen_surprise
Geh:3:    hangedman_feature_mirror
Geh:7:    geh_hangedman
Tar:5:    grunt_megastairs_4
Tar:7:    tar_old
Zot:1:    hangedman_zot_decor_slant
Zot:2:    lemuel_acid_trip
Zot:3:    lemuel_halls_of_wrath, st_single_dragon_hoard_1, st_stairs_11
Zot:4:    st_large_dragon_hoard_4
Zot:5:    grunt_ministairs_6, hangedman_zot_decor_checkerboard
Abyss:2:  hangedman_cross_veins
Abyss:3:  hangedman_abyss_or_decor_stagger, serial_sigils_hangedman_snap,
          dshaligram_kb_abyss_rune_zappy_water_cross
Abyss:5:  evilmike_abyss_exit_2, evilmike_abyss_rune_elephants_shrine,
          hangedman_decor_lopped
Pan:      evilmike_mini_pan_corner, evilmike_mini_pan_corner,
          pan_blood_fountain_small, evilmike_mini_pan_T,
          evilmike_mini_pan_possible_glass, pan_blood_fountain_2,
          grunt_pan_frozen_over, nicolae_pan_lom_lobonic_4, lemuel_hall_of_pain,
          nicolae_pan_mnolegish_5, rand_demon_8, pan_captured_pigsty,
          evilmike_mini_pan_thingy, nicolae_pan_sigil_eeng, grunt_pan_zigzag,
          rand_demon_9, mnoleg_grunt, nicolae_pan_giant_door,
          pan_blood_fountain, evilmike_mini_pan_thingy, reaverb_pan_squares,
          nicolae_pan_sigil_itan, gloorx_vloq, evilmike_mini_pan_branches,
          evilmike_holy_pan, evilmike_mini_pan_doors_b, nicolae_pan_mnolegish_3,
          lom_lobon_grunt_wind_tunnels, rand_demon_5, rand_demon_6,
          uniq_lom_lobon, evilmike_mini_pan_3x3, pan_blood_fountain,
          nicolae_pan_strange_glyphs, rand_demon_8, uniq_lom_lobon, cerebov_st
Zig:4:    ziggurat_pillar_centre_c
Bazaar:   grunt_bazaar_doublecross
Volcano:  volcano_caves
WizLab:   wizlab_iskenderun

Skill      XL: |  1  2  3  4  5  6  7  8  9 10 11 12 13 14 15 16 17 18 19 20 21 22 23 24 25 26 27 |
---------------+----------------------------------------------------------------------------------+-----
Axes           | 3 4 5 6 7 9 10 12 13 15 16 | 16.0
Fighting       | 6 9 10 12 13 15 16 17 18 19 21 22 24 25 27 | 27.0
Armour         | 5 8 9 11 13 14 15 16 18 19 20 21 27 | 27.0
Dodging        | 6 9 11 13 14 16 18 19 20 21 27 | 27.0
Shields        | 5 8 11 13 14 15 17 27 | 27.0
Evocations     | 8 20 | 20.5
Stealth        | 14 | 14.4
Throwing       | |  1.7

Action                   |  1- 3 |  4- 6 |  7- 9 | 10-12 | 13-15 | 16-18 | 19-21 | 22-24 | 25-27 || total
-------------------------+-------+-------+-------+-------+-------+-------+-------+-------+-------++-------
Melee: War axe           |    62 |   245 |   304 |   997 |  1481 |       |       |       |       ||  3089
       Hand axe          |       |       |   113 |       |       |       |       |       |       ||   113
       Broad axe         |       |       |       |       |   325 |  1725 |  1620 |  1484 |  7716 || 12870
       Headbutt          |       |       |       |       |       |     8 |   618 |   605 |   558 ||  1789
 Fire: Blowgun           |       |     1 |       |    12 |     5 |     4 |       |       |       ||    22
Throw: Throwing net      |     2 |     1 |       |       |       |       |       |       |       ||     3
Evoke: Wand              |       |       |     3 |     2 |     1 |     2 |       |     1 |    14 ||    23
       Phantom mirror    |       |       |       |       |       |       |       |       |     5 ||     5
       Box of beasts     |       |       |       |       |       |       |       |       |     1 ||     1
       Sack of spiders   |       |       |       |       |       |       |       |       |     1 ||     1
  Use: Scroll            |       |     2 |    14 |    16 |    14 |    14 |    10 |     6 |    62 ||   138
       Potion            |       |       |     3 |     6 |     4 |    12 |     6 |     9 |    50 ||    90
 Stab: Sleeping          |     2 |       |       |       |       |       |       |       |     3 ||     5
       Held in net/web   |       |     1 |       |       |       |       |       |       |     3 ||     4
       Invisible         |       |       |       |       |       |     5 |       |       |     5 ||    10
       Distracted        |       |       |       |       |       |     5 |     3 |       |     7 ||    15
       Petrified         |       |       |       |       |       |       |     3 |       |     1 ||     4
       Petrifying        |       |       |       |       |       |       |     2 |       |     5 ||     7
  Eat: Chunk             |     1 |     9 |    13 |    29 |    39 |    12 |    16 |    23 |    13 ||   155
       Beef jerky        |       |     1 |     1 |       |     2 |     5 |     1 |       |     5 ||    15
       Meat ration       |       |       |       |     1 |       |     2 |     1 |     1 |    15 ||    20
       Fruit             |       |       |       |     2 |    10 |    13 |     4 |     4 |    18 ||    51
       Bread ration      |       |       |       |       |     1 |     4 |     3 |     4 |    14 ||    26
       Pizza             |       |       |       |       |       |     2 |     4 |     1 |     8 ||    15
       Royal jelly       |       |       |       |       |       |     1 |       |     1 |     5 ||     7
Armor: Leather armour    |    10 |       |       |       |       |       |       |       |       ||    10
       Ring mail         |    19 |   126 |   136 |    66 |       |       |       |       |       ||   347
       Scale mail        |       |       |       |   213 |       |       |       |       |   115 ||   328
       Skin              |       |       |       |    50 |       |       |       |       |       ||    50
       Chain mail        |       |       |       |   160 |   463 |       |       |       |       ||   623
       Plate armour      |       |       |       |       |   207 |   535 |   349 |    75 |       ||  1166
       Gold dragon armou |       |       |       |       |       |       |       |   220 |  1110 ||  1330
Dodge: Dodged            |    50 |   189 |   226 |   828 |  1041 |   703 |   865 |   774 |  3366 ||  8042
Block: Buckler           |       |       |       |       |   242 |       |       |       |       ||   242
       Shield            |       |       |       |       |   461 |   993 |  1021 |   505 |       ||  2980
       Large shield      |       |       |       |       |       |       |       |   592 |  8957 ||  9549
